 Seeded DCSS version 0.28-a0-1087-gf3fc490d9d (webtiles) character file.

Game seed: 16008875487339432128 (custom seed)

254 croobank the Conjurer (level 6, 0/38 HPs)
             Began as an Octopode Conjurer on Dec 11, 2021.
             Slain by a phantom (10 damage)
             ... on level 4 of the Dungeon.
             The game lasted 00:23:16 (3948 turns).

croobank the Conjurer (Octopode Conjurer)           Turns: 3948, Time: 00:23:17

Health: 0/38       AC:  1    Str:  8    XL:     6   Next: 14%
Magic:  1/10       EV: 13    Int: 27    God:
Gold:   94         SH:  5    Dex: 10    Spells: 4/10 levels left

rFire   . . .      SeeInvis +   b - staff of conjuration
rCold   . . .      Faith    .   (no shield)
rNeg    . . .      Spirit   .   (helmet restricted)
rPois   .          Reflect  +   e - amulet of reflection
rElec   .          Harm     .   a - ring of see invisible
rCorr   .          Rampage  .   d - +6 ring of intelligence
Will    .....                   (no ring)
Stlth   +++.......              (no ring)
HPRegen 0.12/turn               (no ring)
MPRegen 0.12/turn               (no ring)
                                (no ring)
                                (no ring)

@: no status effects
A: almost no armour, amphibious, 8 rings, camouflage 1, gelatinous body 1,
(nimble swimmer 1), tentacles
a: no special abilities


You were on level 4 of the Dungeon.
You visited 1 branch of the dungeon, and saw 4 of its levels.

You collected 94 gold pieces.

Inventory:

Hand Weapons
 u - a +0 vorpal hunting sling
Missiles
 f - 23 sling bullets
 h - 114 stones
 k - 2 throwing nets
Magical Staves
 b - a staff of conjuration (weapon)
Jewellery
 a - a ring of see invisible (left tentacle)
 d - a +6 ring of intelligence (right tentacle)
 e - an amulet of reflection (around mantle)
Wands
 v - a wand of flame (8)
Scrolls
 c - 4 scrolls of identify {identify, unknown}
 i - 2 scrolls of blinking {blinking, unknown}
 l - a scroll of enchant weapon {enchant weapon, unknown}
 m - 2 scrolls of amnesia {amnesia, unknown}
 p - a scroll of summoning {summoning, unknown}
 r - 2 scrolls of fear {fear, unknown}
 s - 3 scrolls of vulnerability {vulnerability, unknown}
 w - a scroll of teleportation {teleportation, unknown}
 x - a scroll of magic mapping {unknown}
Potions
 g - a potion of curing {curing, unknown}
 j - a potion of haste {unknown}
 n - a potion of flight {flight, unknown}
 o - a potion of might {might, unknown}
 q - a potion of invisibility {invisibility, unknown}
 t - a potion of attraction {attraction, unknown}


   Skills:
 + Level 1.0 Fighting
 * Level 2.1(2.5) Polearms
 + Level 1.8(2.3) Staves
 + Level 2.3 Dodging
 + Level 4.7 Stealth
 + Level 0.1 Shields
 + Level 2.9 Spellcasting
 + Level 4.8 Conjurations


You had 4 spell levels left.
You knew the following spells:

 Your Spells              Type           Power      Damage    Failure   Level
a - Magic Dart            Conj           100%       1d8       1%          1
b - Searing Ray           Conj           88%        2d7       1%          2
c - Dazzling Flash        Conj/Hex       50%        N/A       10%         3

Your spell library contained the following spells:

 Spells                   Type           Power      Damage    Failure   Level
 Sandblast                Erth           6%         2d5       9%          1
 Stone Arrow              Conj/Erth      50%        3d10      10%         3
 Passwall                 Tmut/Erth      2%         N/A       14%         2
 Fulminant Prism          Conj/Hex       12%        3d9       32%         4
 Iskenderun's Mystic Bla  Conj/Tloc      25%        2d7       32%         4


Dungeon Overview and Level Annotations

Branches:
Dungeon (4/15)
 Temple: D:4-7

Altars:
Wu Jian

Annotations:
D:3 2 transporters, bande's ghost, amateur GrFi


Innate Abilities, Weirdness & Mutations

You cannot wear most types of armour.
You are amphibious.
You can wear up to eight rings at the same time.
Your skin changes colour to match your surroundings (Stealth+).
Your rubbery body absorbs attacks. (AC +1, EV +1)
((You are camouflaged near water. (Stealth+)))
You have tentacles for arms and can constrict up to eight enemies at once.


Message History

The phantom misses you.
Casting: Searing Ray (safe; 1% risk of failure)
Confirm with . or Enter, or press ? or * to list all spells.
Aiming: Searing Ray (safe; 1% risk of failure)
Press: ? - help, Shift-Dir - straight line, f - phantom
Aim: a phantom (75% to hit)
You feel a surge of power!
The searing ray hits the phantom.
The phantom is lightly damaged. (Press . to maintain the ray.)
The phantom hits you!
The searing ray hits the phantom!
The phantom is severely damaged.
You block the phantom's attack.
You miss the phantom.
The phantom is severely damaged.
The phantom misses you.
You hit the phantom.
The phantom is severely damaged.
The phantom hits you!
The phantom blinks!
You blink.
You barely miss the phantom. You squeeze the phantom.
The phantom is almost destroyed.
You block the phantom's attack.
You hit the phantom but do no damage.
The phantom is almost destroyed.
The phantom barely misses you.
You closely miss the phantom.
The phantom is almost destroyed.
The phantom hits you!
* * * LOW HITPOINT WARNING * * *
The phantom blinks!
You blink.
Found 16 gold pieces.
You miss the phantom.
The phantom is almost destroyed.
The phantom closely misses you.
You hit the phantom.
The phantom is almost destroyed.
You block the phantom's attack.
You hit the phantom but do no damage.
The phantom is almost destroyed.
The phantom hits you!
You die...

##.......## #.#.#.##.##
#.......).###.........#
+.........'............
#.......†.####.....>#.#
##........## #......#.#
.###...#'#...##
#......#.#
......##.##...##
#........#
#...##...##...#
####.#####
#..##....@##..# #.#
#..#⌠..♣W.⌠#..## #.#
#..##.....##....# #.#
#...##...##...#.. .#
#.#...##⌠##......# ##
.#.#..S###.......$
..#.#.......###.##
#............. .#
###.#####...###


You could see a phantom and an adder.

Vanquished Creatures
  The ghost of KennySheep the Conjurer, an amateur TeWz of Vehumet (D:4)
  Jessica (D:3)
  4 adders
  2 worms (D:3)
  4 dart slugs
  4 orcs
  3 endoplasms
  5 goblins
  8 hobgoblins
  4 jackals (D:2)
  2 quokkas
  8 ball pythons
  6 bats
  4 frilled lizards
  9 kobolds
  9 rats
74 creatures vanquished.

Notes
Turn   | Place    | Note
-------+----------+-------------------------------------------
     0 | D:1      | croobank the Octopode Conjurer began the quest for the Orb.
     0 | D:1      | Reached XP level 1. HP: 11/11 MP: 3/3
   359 | D:1      | Reached XP level 2. HP: 5/17 MP: 3/5
   980 | D:1      | Noticed a shining eye
   982 | D:1      | Found a faded altar of an unknown god.
   983 | D:1      | Noticed a golden eye
   983 | D:1      | Noticed an eye of devastation
   983 | D:1      | Noticed an eye of devastation
  1004 | D:1      | Learned a level 2 spell: Searing Ray
  1129 | D:2      | Reached XP level 3. HP: 21/21 MP: 2/6
  1273 | D:2      | Reached skill level 1 in Polearms
  1621 | D:2      | Reached XP level 4. HP: 27/27 MP: 5/7
  2572 | D:3      | Learned a level 3 spell: Dazzling Flash
  2629 | D:3      | Found a transporter.
  2633 | D:3      | Noticed bande's ghost (amateur GrFi)
  2995 | D:3      | Reached skill level 1 in Staves
  3341 | D:3      | Found an ornate altar of the Wu Jian Council.
  3433 | D:3      | Found a transporter.
  3514 | D:3      | Noticed Jessica
  3518 | D:3      | Killed Jessica
  3519 | D:3      | Reached XP level 5. HP: 29/32 MP: 3/8
  3897 | D:4      | Found a runed translucent door.
  3897 | D:4      | Noticed KennySheep's ghost (amateur TeWz)
  3919 | D:4      | Killed KennySheep's ghost
  3920 | D:4      | Reached skill level 1 in Fighting
  3920 | D:4      | Reached XP level 6. HP: 29/38 MP: 0/10
  3948 | D:4      | Slain by a phantom

Illustrated notes

Levels and vault maps discovered:
D:1:      heliophobic_arrival_henge, layout_basic,
          hellmonk_ecumenical_altar_watching_god
D:2:      layout_basic
D:3:      minmay_inner_zag, layout_basic, nzn_wu_jian_council_hall,
          gammafunk_ghost_stat_death, kennysheep_jessica_study, uniq_jessica
D:4:      layout_loops_corners, hellmonk_ghost_happy_afterlife,
          lightli_ossuary_entry_decrepit_ruins, uniq_edmund

Skill      XL: |  1  2  3  4  5 |
---------------+----------------+-----
Stealth        | 3 4 |  4.7
Polearms       | 1 2 |  2.1
Staves         | 1 |  1.8
Fighting       | 1 |  1.0
Dodging        | |  2.3
Shields        | |  0.1
Spellcasting   | |  2.9
Conjurations   | |  4.8

Action                   |  1- 3 |  4- 6 || total
-------------------------+-------+-------++-------
Melee: Staff             |    28 |    46 ||    74
       Constrict         |    10 |     8 ||    18
       Unarmed           |     3 |       ||     3
       Tentacles         |     5 |     9 ||    14
 Cast: Magic Dart        |    34 |    39 ||    73
       Searing Ray       |     1 |     7 ||     8
  Use: Scroll            |     1 |       ||     1
       Potion            |       |     1 ||     1
 Stab: Sleeping          |     7 |     6 ||    13
Armor: Skin              |       |     1 ||     1
Dodge: Dodged            |    22 |    18 ||    40
Block: Other             |     2 |    10 ||    12
       Reflection        |       |     1 ||     1

Table legend: (Time is in decaauts)
 A = Elapsed time spent in this place.
 B = Non-inter-level travel time spent in this place.
 C = Inter-level travel time spent in this place.
 D = Time resting spent in this place.
 E = Time spent auto-exploring this place.
 F = Levels seen in this place.
 G = Mean time per level.
                   A        B        C        D        E       F      G
               +--------+--------+--------+--------+--------+-----+--------+
         Total |   3956 |   3842 |    114 |    302 |   2885 |   4 |  989.0 |
       Dungeon |   3956 |   3842 |    114 |    302 |   2885 |   4 |  989.0 |
               +--------+--------+--------+--------+--------+-----+--------+

Top non-repeatable levels by time:
     D:3: 1350 daAuts
     D:2: 1300 daAuts
     D:1: 1120 daAuts
     D:4: 185 daAuts
